 Dungeon Crawl Stone Soup version 0.20-a0-1122-gb7cbeb9 (webtiles) character file.

4512 Dfrag the Arsonist (level 10, -11/80 HPs)
             Began as a Naga Fire Elementalist on May 3, 2017.
             Was a Believer of Makhleb.
             Killed from afar by a gargoyle (18 damage)
             ... with a stone arrow
             ... on level 8 of the Dungeon on May 10, 2017.
             The game lasted 00:14:12 (6458 turns).

Dfrag the Arsonist (Naga Fire Elementalist)         Turns: 6458, Time: 00:14:12

Health: -11/80     AC:  7    Str: 12    XL:     10   Next: 39%
Magic:  2/30       EV: 11    Int: 16    God:    Makhleb [**....]
Gold:   471        SH:  0    Dex: 11    Spells: 11/24 levels left

rFire    + + .     SeeInvis +   A - staff of fire
rCold    x . .     Gourm    .   (no shield)
rNeg     + + .     Faith    .   a - +0 robe
rPois    +         Spirit   .   (no helmet)
rElec    .         Reflect  .   r - +1 cloak
rCorr    .         Harm     .   G - +0 pair of gloves of Complete Protection {rN++}
MR       +....                  (no barding)
Stlth    +++.......             D - amulet of magic regeneration
Regen    0.0/turn               o - ring of magical power
MPRegen  0.4/turn               B - ring of fire

@: about to teleport, very slow
A: see invisible, deformed body, dopey 1, poison resistance, screaming 1,
slowness 2, inhibited regeneration, slow metabolism 1, spit poison 1, subdued
magic 1, AC +3
a: Spit Poison, Minor Destruction, Renounce Religion


You were on level 8 of the Dungeon.
You worshipped Makhleb.
Makhleb was pleased with you.
You were near starving.

You visited 2 branches of the dungeon, and saw 9 of its levels.
You also visited: Bailey.

You collected 471 gold pieces.

Inventory:

Hand Weapons
 q - a +1 mace of holy wrath
Armour
 a - a +0 robe (worn)
 l - a +0 pair of gloves
 r - a +1 cloak (worn)
 G - the +0 pair of gloves of Complete Protection (worn) {rN++}
   (You found it on level 5 of the Dungeon)

   It greatly protects you from negative energy.
Magical Staves
 A - an uncursed staff of fire (weapon)
Jewellery
 d - an uncursed ring of ice
 o - a ring of magical power (left hand)
 B - a ring of fire (right hand)
 D - an amulet of magic regeneration (around neck)
 K - a +5 ring of intelligence {unknown}
Wands
 s - a wand of random effects (27/48)
 t - a wand of enslavement (13/24)
 x - a wand of confusion (24/48)
 C - a wand of lightning (0/15)
 J - a wand of digging (9/24)
Scrolls
 e - 2 scrolls of random uselessness {unknown}
 g - 3 scrolls of teleportation
 h - 4 scrolls of identify {unknown}
 i - 5 scrolls of remove curse
 k - 2 scrolls of enchant armour {unknown}
 m - 2 scrolls of enchant weapon {unknown}
 n - 2 scrolls of magic mapping {unknown}
 v - a scroll of fog {unknown}
 w - a scroll of amnesia {unknown}
 y - a scroll of noise {unknown}
 z - a scroll of blinking {unknown}
 F - 2 scrolls of recharging {unknown}
 L - a scroll of acquirement {unknown}
Potions
 f - 3 potions of flight
 j - 3 potions of might
 p - 5 potions of curing
 H - a potion of invisibility
 N - a potion of brilliance {unknown}
Books
 b - a book of Flames

   Spells                             Type                      Level
   a - Flame Tongue                   Conjuration/Fire             1
   b - Throw Flame                    Conjuration/Fire             2
   c - Conjure Flame                  Conjuration/Fire             3
   d - Inner Flame                    Hexes/Fire                   3
   e - Sticky Flame                   Conjuration/Fire             4
   f - Fireball                       Conjuration/Fire             5
 I - the Catalogue of Execration
   (You found it on level 6 of the Dungeon)

   Spells                             Type                      Level
   a - Ensorcelled Hibernation        Hexes/Ice                    2
   b - Spectral Weapon                Hexes/Charms                 3
   c - Tukima's Dance                 Hexes                        3
   d - Yara's Violent Unravelling     Hexes/Transmutation          5
Comestibles
 c - 4 bread rations
 u - 4 royal jellies
 E - 2 meat rations
 M - 3 fruits
 O - a chunk of flesh


   Skills:
 - Level 2.2 Fighting
 - Level 1.3(1.4) Maces & Flails
 - Level 0.8(1.2) Staves
 - Level 3.2 Dodging
 - Level 5.4 Stealth
 - Level 0.2 Unarmed Combat
 + Level 7.9 Spellcasting
 + Level 7.3 Conjurations
 + Level 8.8 Fire Magic


You had 11 spell levels left.
You knew the following spells:

 Your Spells              Type           Power        Failure   Level  Hunger
a - Flame Tongue          Conj/Fire      #####        1%          1    None
b - Conjure Flame         Conj/Fire      ######..     1%          3    ##.....
c - Sticky Flame          Conj/Fire      ######..     3%          4    ####...
d - Fireball              Conj/Fire      ######....   9%          5    #####..


Dungeon Overview and Level Annotations

Branches:
Dungeon (8/15)             Temple (1/1) D:6
   Lair: D:8-11

Altars:
Ashenzari
Cheibriados
Dithmenos
Elyvilon
Gozag
Hepliaklqana
Makhleb
Nemelex Xobeh
Okawaru
Qazlal
Ru
Sif Muna
Trog
Uskayaw
Vehumet
Xom
Yredelemnul
Zin
The Shining One

Shops:
D:8 *%


Innate Abilities, Weirdness & Mutations

You cannot wear boots.
Your serpentine skin is tough. (AC +3)
You have supernaturally acute eyesight. (SInv)
Armour fits poorly on your strangely shaped body.
Your system is resistant to poisons. (rPois)
You cover ground very slowly.
You have a slow metabolism.
You can spit poison.
You are dopey. (Int -2)
You occasionally shout uncontrollably at your foes.
You do not regenerate when monsters are visible.
Your spells are a little easier to cast, but a little less powerful.


Message History

Unknown command.
You barely miss the gargoyle.
The gargoyle is moderately damaged.
The gargoyle hits you with a flail!!
* * * LOW HITPOINT WARNING * * *
You hit the gargoyle but do no damage.
The gargoyle is moderately damaged.
The gargoyle hits you but does no damage.
You hit the gargoyle but do no damage.
The gargoyle is moderately damaged.
The gargoyle closely misses you.
You barely miss the gargoyle.
The gargoyle is moderately damaged.
The gargoyle hits you with a flail.
* * * LOW HITPOINT WARNING * * *
As you read the scroll of teleportation, it crumbles to dust.
You feel strangely unstable.
The gargoyle hurls a stone arrow at you.
The stone arrow hits you!
You die...

# ....... ... ##
$........ .... .#
........# #...## .....#
.......# #.... ....##
#..... .## .##. ...##
#....## ..## ## ...#
#....# .......###.
..... #....## #....
...... .#...#
##..9@.###...## #.....
.##..#
#♣.)##.........##......
#..
#..#####...........#..#
#....###.∩♣#
#.......... ###
..))))†...# ##.###....#
..)†.....♣# #..#
#..#######
...≈#####..####.##
#.##..... ... #.......#
#........ . ...#....#
......_..


You could see a gargoyle.

Vanquished Creatures
  3 orc knights (Bailey)
  Psyche (D:8)
  A hippogriff (D:7)
  Menkaure (D:7)
  The ghost of Willow the Cutter, an amateur SpAs (D:3)
  An ice beast (D:6)
  8 orc warriors
  A sky beast (D:8)
  A phantom (D:5)
  3 ogres (D:7)
  A scorpion (D:6)
  3 wights (D:7)
  A howler monkey (D:5)
  A crimson imp (D:8)
  2 bullfrog skeletons
  A bullfrog zombie (D:6)
  2 jellies
  5 orc wizards
  5 orc priests
  A hound (D:7)
  3 worker ants
  Terence (D:2)
  2 iguanas (D:4)
  2 hound skeletons
  2 worker ant zombies
  5 adders
  8 gnolls
  An ooze (D:2)
  An adder skeleton (D:7)
  3 leopard geckos
  47 orcs
  7 bats
  4 giant cockroaches
  9 goblins
  3 hobgoblins (D:2)
  5 jackals
  4 quokkas
  3 ball pythons
  5 frilled lizards
  8 kobolds
  6 rats
  A spectral orc (D:2)
173 creatures vanquished.

Vanquished Creatures (others)
  A sky beast (D:6)
1 creature vanquished.

Grand Total: 174 creatures vanquished

Notes
Turn   | Place    | Note
-------+----------+-------------------------------------------
     0 | D:1      | Dfrag the Naga Fire Elementalist began the quest for the Orb.
     0 | D:1      | Reached XP level 1. HP: 15/15 MP: 3/3
   471 | D:1      | Reached XP level 2. HP: 22/22 MP: 5/5
   790 | D:2      | Reached XP level 3. HP: 28/28 MP: 6/6
   852 | D:2      | Noticed Terence
   865 | D:2      | Killed Terence
   919 | D:2      | Learned a level 3 spell: Conjure Flame
   954 | D:2      | Found a shadowy altar of Dithmenos.
   966 | D:2      | Reached XP level 4. HP: 36/36 MP: 7/7
   967 | D:2      | Found an iron altar of Okawaru.
  1076 | D:2      | Found a glowing silver altar of Zin.
  1080 | D:2      | Found a white marble altar of Elyvilon.
  1081 | D:2      | Found a glowing golden altar of the Shining One.
  1186 | D:2      | Reached skill level 4 in Fire Magic
  1379 | D:2      | Found a basalt altar of Yredelemnul.
  1498 | D:3      | Noticed Willow's ghost (amateur SpAs)
  1500 | D:3      | Reached XP level 5. HP: 28/42 MP: 8/8
  1608 | D:3      | Upgraded the game from 0.20-a0-1089-g3fde505 to 0.20-a0-1122-gb7cbeb9
  1947 | D:4      | Reached skill level 1 in Maces & Flails
  1983 | D:4      | Reached XP level 6. HP: 47/50 MP: 10/10
  1989 | D:4      | Learned a level 4 spell: Sticky Flame
  2216 | D:4      | Reached skill level 1 in Fighting
  2544 | D:5      | Entered Level 5 of the Dungeon
  2601 | D:5      | Got a pair of heavily runed gloves
  2615 | D:5      | Identified the +0 pair of gloves of Complete Protection {rN++} (You found it on level 5 of the Dungeon)
  2671 | D:3      | Killed Willow's ghost
  2671 | D:3      | Reached XP level 7. HP: 47/57 MP: 12/12
  2783 | D:3      | Reached skill level 5 in Fire Magic
  3648 | D:6      | Found a shimmering altar of Xom.
  3679 | D:6      | Identified the Catalogue of Execration
  3702 | D:6      | Found a white marble altar of Elyvilon.
  3764 | D:6      | Reached XP level 8. HP: 50/64 MP: 9/14
  3779 | D:6      | Gained mutation: You occasionally shout uncontrollably at your foes. [mutagenic meat]
  3780 | D:6      | Gained mutation: You do not regenerate when monsters are visible. [mutagenic meat]
  3781 | D:6      | Gained mutation: Your spells are a little easier to cast, but a little less powerful. [mutagenic meat]
  3783 | D:6      | Gained mutation: You are dopey. (Int -2) [mutagenic meat]
  3921 | D:6      | Found a staircase to the Ecumenical Temple.
  3936 | Temple   | Entered the Ecumenical Temple
  4007 | Temple   | Became a worshipper of Makhleb the Destroyer
  4077 | D:6      | Learned a level 5 spell: Fireball
  4166 | D:6      | Reached skill level 6 in Fire Magic
  4341 | D:7      | Found a shadowy altar of Dithmenos.
  4371 | D:7      | Found a hide-covered altar of Uskayaw.
  4372 | D:7      | Noticed a hand axe
  4372 | D:7      | Noticed a dagger
  4377 | D:7      | Reached skill level 5 in Spellcasting
  4398 | D:7      | Noticed a hippogriff
  4404 | D:7      | Killed a hippogriff
  4404 | D:7      | Reached skill level 5 in Stealth
  4614 | D:7      | Noticed Menkaure
  4617 | D:7      | Killed Menkaure
  4623 | D:7      | Reached XP level 9. HP: 52/73 MP: 17/17
  4642 | D:7      | Found a flagged portal.
  4655 | Bailey   | Entered a bailey
  4854 | Bailey   | Reached * piety under Makhleb
  4854 | Bailey   | Reached skill level 5 in Conjurations
  5027 | Bailey   | Reached skill level 7 in Fire Magic
  5372 | Bailey   | Noticed an orc knight
  5372 | Bailey   | Noticed an orc knight
  5396 | Bailey   | Killed an orc knight
  5420 | Bailey   | Killed an orc knight
  5420 | Bailey   | Reached skill level 8 in Fire Magic
  5504 | Bailey   | Noticed an orc knight
  5511 | Bailey   | Killed an orc knight
  5511 | Bailey   | Reached ** piety under Makhleb
  5511 | Bailey   | Reached XP level 10. HP: 14/80 MP: 5/21
  5512 | Bailey   | Noticed an orc knight
  5905 | D:7      | Noticed a gargoyle
  5907 | D:7      | Noticed a gargoyle
  5907 | D:7      | Noticed a gargoyle
  5907 | D:7      | Noticed a gargoyle
  5908 | D:7      | Noticed a gargoyle
  6150 | D:8      | Found Wadeh's Food Shop.
  6380 | D:8      | Found a bloodstained altar of Trog.
  6426 | D:8      | Found Fiwatesoex's Assorted Antiques.
  6433 | D:8      | Noticed Psyche
  6442 | D:8      | Killed Psyche
  6458 | D:8      | Killed from afar by a gargoyle

Vault maps used:
D:1:      minmay_arrival_widening_spiral_narrow
D:2:      good_gods_temple_1, minitemple, yredelemnul_forgotten_temple_becter,
          minmay_joined_circles, uniq_terence
D:4:      first_bread, minivault_4, minivault_24, hangedman_glass_teeth,
          minmay_statues_item
D:6:      overflow_temple_1_default, minmay_temple_entry_junction, basic_altar,
          grunt_ministairs_9, lemuel_flamethrower_2
D:7:      cheibrodos_statue_roulette, dancing_weapons_uskayaw, enter_bailey_7,
          grunt_dithmenos_smoke, uniq_menkaure
D:8:      lemuel_coloured_pillars_altar, serial_shops, shop, kennysheep_mini,
          nicolae_shop_waterfront, shop, nicolae_shop_trees, basic_altar,
          uniq_psyche
Temple:   nicolae_temple_god_jail
Bailey:   bailey_polearm_5, bailey

Skill      XL: |  1  2  3  4  5  6  7  8  9 10 |
---------------+-------------------------------+-----
Fire Magic     | 4 5 6 8 |  8.8
Dodging        | 2 3 |  3.2
Conjurations   | 2 3 4 6 7 |  7.3
Maces & Flails | 1 |  1.3
Stealth        | 4 5 |  5.4
Spellcasting   | 3 4 5 7 |  7.9
Fighting       | 1 2 |  2.2
Staves         | |  0.8
Unarmed Combat | |  0.2

Action                   |  1- 3 |  4- 6 |  7- 9 | 10-12 || total
-------------------------+-------+-------+-------+-------++-------
Melee: Unarmed           |     8 |       |       |       ||     8
       Mace              |       |    27 |       |     5 ||    32
       Staff             |       |     6 |     5 |    12 ||    23
 Cast: Flame Tongue      |    25 |   112 |   140 |    26 ||   303
       Sticky Flame      |       |       |     6 |     3 ||     9
       Fireball          |       |       |    14 |    11 ||    25
 Abil: Spit Poison       |    12 |     4 |     5 |       ||    21
Evoke: Wand              |       |       |     5 |     3 ||     8
  Use: Scroll            |       |     2 |       |     3 ||     5
       Potion            |       |       |    10 |     1 ||    11
 Stab: Sleeping          |       |     2 |       |       ||     2
  Eat: Chunk             |     1 |     5 |    16 |     3 ||    25
       Meat ration       |       |       |     1 |       ||     1
Armor: Robe              |     2 |    34 |    26 |    13 ||    75
       Skin              |       |       |     8 |       ||     8
Dodge: Dodged            |     6 |    57 |    58 |    20 ||   141
